 Dungeon Crawl Stone Soup version 0.23-a0-696-gf95311e5ea (webtiles) character file.

4489 Brecoman the Transmogrifier (level 10, -2/84 HPs)
             Began as a Yellow Draconian Transmuter on Jan 12, 2019.
             Was a Priest of Ru.
             Slain by an ice beast (5 damage)
             ... on level 12 of the Dungeon.
             The game lasted 00:41:27 (11209 turns).

Brecoman the Transmogrifier (DrTm)                 Turns: 11209, Time: 00:41:28

Health: -2/84      AC:  9    Str: 16    XL:     10   Next: 16%
Magic:  0/14       EV: 15    Int: 17    God:    Ru [***...]
Gold:   472        SH:  4    Dex: 12    Spells: 5/14 levels left

rFire    . . .     SeeInvis .     - Unarmed
rCold    . . .     Gourm    .   (shield unavailable)
rNeg     . . .     Faith    .   (armour unavailable)
rPois    .         Spirit   +   (helmet restricted)
rElec    .         Reflect  +   I - scarf {Spirit}
rCorr    +         Harm     .   (gloves currently unavailable)
MR       .....                  L - +1 pair of boots
Stlth    +.........             y - +4 amulet of reflection
HPRegen  0.24/turn              (ring unavailable)
MPRegen  0.14/turn              o - +4 ring of strength

@: confusing touch, short of breath, blade hand, slowed, drained, very slow
A: spit acid, acid resistance, unfitting armour, cold-blooded, missing a hand,
AC +7
a: Breathe Acid, End Transformation, Draw Out Power, Renounce Religion


You were on level 12 of the Dungeon.
You worshipped Ru.
Ru was most pleased with you.
You were very hungry.
You had blades for hand.
You visited 1 branch of the dungeon, and saw 10 of its levels.

You collected 472 gold pieces.

Inventory:

Hand Weapons
 m - a +2 dagger of venom
Missiles
 a - 75 arrows
 h - 190 stones (quivered)
 n - 4 poisoned tomahawks
 K - 2 throwing nets
Armour
 x - a +0 cloak
 I - a scarf of spirit shield (worn)
 L - a +1 pair of boots (worn)
Jewellery
 b - an uncursed amulet of rage
 l - an uncursed ring of teleportation
 o - a +4 ring of strength (right scythe-like blade)
 y - a +4 amulet of reflection (around neck)
 z - an uncursed ring of magical power
Wands
 w - a wand of acid (21)
Scrolls
 f - 2 scrolls of teleportation
 i - a scroll of fear
 s - a scroll of enchant armour
 t - a scroll of enchant weapon
 C - 2 scrolls of remove curse
 D - a scroll of fog
 E - a scroll of immolation
 G - a scroll of amnesia
 H - 2 scrolls of identify
Potions
 d - a potion of heal wounds
 e - a potion of mutation {unknown}
 g - 4 potions of ambrosia
 j - 3 potions of curing
 k - 2 potions of might
 p - 4 potions of brilliance
 q - a potion of berserk rage {unknown}
 r - a potion of haste {unknown}
 u - a potion of lignification {unknown}
 v - a potion of agility {unknown}
 A - 3 potions of flight
 B - a potion of invisibility
 F - a potion of degeneration {unknown}
Comestibles
 c - 22 rations
 J - 2 chunks of flesh


   Skills:
 + Level 6.8(6.7) Fighting
 + Level 6.0(5.9) Dodging
 - Level 6.0(5.8) Unarmed Combat
 + Level 2.9(2.8) Spellcasting
 + Level 1.9(1.8) Hexes
 - Level 10.3(10.2) Transmutations


You had 5 spell levels left.
You knew the following spells:

 Your Spells              Type           Power        Failure   Level  Hunger
a - Beastly Appendage     Tmut           #####.       10%         1    #......
b - Sticks to Snakes      Tmut           #####...     11%         2    ##.....
c - Blade Hands           Tmut           #####.....   41%         5    ######.
d - Confusing Touch       Hex            #.....       43%         1    #......

Your spell library contained the following spells:

 Spells                   Type           Power        Failure   Level  Hunger
 Spider Form              Tmut/Pois      ###.......   38%         3    ###....
 Animate Skeleton         Necr           N/A          61%         1    #......
 Apportation              Tloc           #.....       61%         1    #......
 Summon Small Mammal      Summ           #...         61%         1    #......
 Ice Form                 Ice/Tmut       ###.....     65%         4    #####..


Dungeon Overview and Level Annotations

Branches:
Dungeon (9/15)             Temple (0/1) D:6
   Lair: D:8-11         Orc: D:9-12

Altars:
Cheibriados
Kikubaaqudgha
Nemelex Xobeh
Ru
Trog
Uskayaw
Xom
Zin

Shops:
D:5 *   D:6 !   D:9 [


Innate Abilities, Weirdness & Mutations

You can spit globs of acid.
You are resistant to acid.
Your golden yellow scales are hard. (AC +7)
You cannot fit into any form of body armour.
You are cold-blooded and may be slowed by cold attacks.
You are missing a hand.


Message History

You hit the ice beast.
The ice beast is lightly wounded.
Your adder closely misses the ice beast.
The ice beast hits you.
* * * LOW HITPOINT WARNING * * *
The ice beast freezes you!
You feel yourself slow down.
* * * LOW HITPOINT WARNING * * *
Your adder bites the ice beast.
Casting: Blade Hands (very dangerous; 41% risk of failure)
Confirm with . or Enter, or press ? or * to list all spells.
Your scythe-like blade begins to glow red.
You are feeling very hungry.
The ice beast hits you.
* * * LOW HITPOINT WARNING * * *
The ice beast freezes you!
You feel as though you will be slow longer.
* * * LOW HITPOINT WARNING * * *
Your adder completely misses the ice beast.
The ice beast hits you.
You die...

. ..###
......
.....K#######
#..KY@....#
#...#S....#
#.. #.....#
#. #.....# #
#.....#
#.....#
#.....#
#.....#
#######


You could see an ice beast, a big kobold, a kobold and a friendly adder.

Vanquished Creatures
  Harold (D:8)
  A two-headed ogre (D:8)
  A hungry ghost (D:7)
  4 yaks (D:12)
  An acid dragon (D:12)
  An orc warrior (D:5)
  A phantom (D:3)
  4 ice beasts
  An ogre (D:8)
  A necrophage (D:9)
  4 centaurs
  6 bullfrogs
  A scorpion (D:7)
  4 wights (D:6)
  2 crimson imps
  A gnoll shaman (D:4)
  3 hounds
  2 jellies (D:8)
  2 orc priests
  A centaur skeleton (D:7)
  5 orc wizards
  4 iguanas
  3 worker ants
  2 hound zombies (D:7)
  9 adders
  9 gnolls
  2 howler monkey skeletons
  2 shadow imps
  2 adder zombies (D:7)
  An adder skeleton (D:4)
  4 worms
  4 dart slugs (D:1)
  4 leopard geckos
  16 orcs
  6 giant cockroaches
  9 goblins
  8 hobgoblins
  7 jackals
  A quokka (D:3)
  8 bats
  4 frilled lizards
  2 jackal skeletons
  5 kobolds
  A leopard gecko skeleton (D:6)
  A quokka skeleton (D:4)
  12 rats
173 creatures vanquished.

Vanquished Creatures (collateral kills)
  An ogre (D:8)
  A wyvern zombie (D:12)
  A crimson imp (D:7)
  2 gnolls (D:8)
  3 orcs (D:7)
  A giant cockroach (D:1)
9 creatures vanquished.

Vanquished Creatures (others)
  An orc wizard (D:7)
  A worker ant (D:12)
  A worm (D:4)
  An orc (D:5)
4 creatures vanquished.

Grand Total: 186 creatures vanquished

Notes
Turn   | Place    | Note
-------+----------+-------------------------------------------
     0 | D:1      | Brecoman the Draconian Transmuter began the quest for the
                  | Orb.
     0 | D:1      | Reached XP level 1. HP: 16/16 MP: 3/3
   125 | D:1      | Reached XP level 2. HP: 23/23 MP: 5/5
   129 | D:1      | Learned a level 2 spell: Sticks to Snakes
   427 | D:1      | Reached XP level 3. HP: 25/28 MP: 4/6
   535 | D:1      | Reached skill level 3 in Transmutations
   928 | D:2      | Found a sacrificial altar of Ru.
  1158 | D:1      | Reached XP level 4. HP: 28/35 MP: 7/7
  1285 | D:2      | Became a worshipper of Ru the Awakened
  1631 | D:2      | Reached skill level 4 in Transmutations
  2430 | D:3      | Reached XP level 5. HP: 40/40 MP: 8/8
  2432 | D:3      | Found a hide-covered altar of Uskayaw.
  2610 | D:4      | Noticed a phantom
  2938 | D:3      | Killed a phantom
  2938 | D:3      | Reached skill level 5 in Transmutations
  3182 | D:3      | HP: 1/40 [orc wizard/magic dart (10)]
  3189 | D:3      | Reached XP level 6. HP: 3/47 MP: 9/9
  3711 | D:4      | Gained mutation: You are missing a hand. [Ru sacrifice]
  3711 | D:4      | Reached * piety under Ru
  3711 | D:4      | Reached ** piety under Ru
  3711 | D:4      | Reached *** piety under Ru
  3832 | D:4      | Reached skill level 5 in Unarmed Combat
  4682 | D:4      | Found a snail-covered altar of Cheibriados.
  5061 | D:4      | Reached skill level 6 in Transmutations
  5895 | D:4      | Your scales start taking on a golden yellow colour.
  5895 | D:4      | Reached XP level 7. HP: 33/52 MP: 8/10
  6132 | D:5      | Entered Level 5 of the Dungeon
  6203 | D:5      | Found Zin's Purification Station.
  6206 | D:5      | Found a glowing silver altar of Zin.
  7269 | D:6      | Reached skill level 7 in Transmutations
  7583 | D:6      | Reached XP level 8. HP: 44/62 MP: 4/11
  8098 | D:6      | Found Xykadeq's Distillery.
  8229 | D:6      | Reached skill level 8 in Transmutations
  8303 | D:6      | Found a staircase to the Ecumenical Temple.
  8575 | D:7      | Found a shimmering altar of Xom.
  8627 | D:7      | Learned a level 5 spell: Blade Hands
  9162 | D:7      | Reached XP level 9. HP: 69/73 MP: 5/12
  9168 | D:7      | Reached skill level 9 in Transmutations
  9962 | D:8      | Reached skill level 5 in Fighting
 10126 | D:8      | Noticed a two-headed ogre
 10159 | D:8      | Found a bloodstained altar of Trog.
 10168 | D:8      | Killed a two-headed ogre
 10172 | D:8      | Reached skill level 5 in Dodging
 10488 | D:8      | Noticed Harold
 10498 | D:8      | Killed Harold
 10498 | D:8      | Reached skill level 10 in Transmutations
 10684 | D:8      | Learned a level 1 spell: Confusing Touch
 10818 | D:8      | Found an ancient bone altar of Kikubaaqudgha.
 10818 | D:8      | Found a sparkling altar of Nemelex Xobeh.
 11016 | D:9      | Found Qachifoz's Armour Emporium.
 11072 | D:9      | Reached skill level 1 in Hexes
 11095 | D:9      | You fall through a shaft for 3 floors!
 11177 | D:12     | Reached XP level 10. HP: 76/84 MP: 5/13
 11209 | D:12     | HP: 3/84 [ice beast (8)]
 11209 | D:12     | Slain by an ice beast

Vault maps used:
D:1:      ncdulo_halloftheorcs, corner_web_ring
D:2:      lemuel_crystal_altar
D:3:      eat_drink_and_be_merry_uskayaw
D:4:      cheibriados_altar_1, first_ration
D:5:      zin_purify, serial_bayou_lagoon_a
D:6:      minmay_temple_entry_glassed_door, serial_shops, nicolae_shop_crystal,
          minmay_misc_feat_iff
D:7:      basic_altar, kennysheep_doodads
D:8:      cheibrodos_iron_armory, old_standard_altar,
          gammafunk_temple_overflow_elements, grunt_ogre_cave, uniq_harold
D:9:      serial_shops, shop_fountains
D:12:     uniq_rupert

Skill      XL: |  1  2  3  4  5  6  7  8  9 10 |
---------------+-------------------------------+-----
Transmutations | 3 4 5 6 7 8 10 | 10.3
Unarmed Combat | 4 5 6 |  6.0
Dodging        | 2 4 5 6 |  6.0
Fighting       | 2 4 6 |  6.8
Hexes          | 1 |  1.9
Spellcasting   | |  2.9

Action                   |  1- 3 |  4- 6 |  7- 9 | 10-12 || total
-------------------------+-------+-------+-------+-------++-------
Melee: Unarmed           |    74 |       |   244 |    25 ||   343
       Tailslap          |     6 |    34 |    31 |     3 ||    74
       Kick              |     4 |     8 |    32 |       ||    44
       Punch             |     3 |     1 |       |       ||     4
       Headbutt          |     4 |     7 |    36 |     4 ||    51
       Dagger            |    42 |   222 |    90 |       ||   354
Throw: Stone             |       |     3 |     2 |       ||     5
 Cast: Beastly Appendage |    14 |    10 |    32 |     1 ||    57
       Sticks to Snakes  |     2 |     7 |    26 |     1 ||    36
       Blade Hands       |       |       |     5 |     1 ||     6
       Confusing Touch   |       |       |     3 |     1 ||     4
Invok: Draw Out Power    |       |     1 |     2 |     1 ||     4
       Sacrifice a Hand  |       |     1 |       |       ||     1
       Reject Sacrifices |       |       |     1 |       ||     1
 Abil: Breathe Acid      |       |       |     3 |     2 ||     5
  Use: Scroll            |       |       |    17 |       ||    17
 Stab: Distracted        |       |     1 |     3 |       ||     4
       Sleeping          |       |       |     2 |       ||     2
       Invisible         |       |       |     1 |       ||     1
  Eat: Chunk             |     1 |    12 |    20 |       ||    33
       Ration            |       |     1 |     1 |       ||     2
Armor: Skin              |    52 |    49 |    62 |     4 ||   167
Dodge: Dodged            |   108 |   135 |   154 |     5 ||   402
Block: Other             |       |       |    46 |     3 ||    49
       Reflection        |       |       |     2 |       ||     2

Table legend:
 A = Non-vault XP
 B = Vault XP
 C = Vault XP percentage of total XP
 D = Non-vault monster count
 E = Vault monster count
 F = Vault count percentage of total count
                 A         B        C        D         E       F
            +---------+---------+-------+---------+---------+-------
      Total |    5282 |    1132 |  17.6 |     183 |       2 |   1.1
            +---------+---------+-------+---------+---------+-------
        D:1 |      94 |       0 |   0.0 |      36 |       0 |   0.0
        D:2 |      68 |       0 |   0.0 |      20 |       0 |   0.0
        D:3 |     240 |       0 |   0.0 |      18 |       0 |   0.0
        D:4 |     346 |       0 |   0.0 |      22 |       0 |   0.0
        D:5 |     321 |       0 |   0.0 |      10 |       0 |   0.0
        D:6 |     985 |       0 |   0.0 |      25 |       0 |   0.0
        D:7 |    1001 |       0 |   0.0 |      26 |       0 |   0.0
        D:8 |     938 |    1132 |  54.7 |      17 |       2 |  10.5
        D:9 |     367 |       0 |   0.0 |       3 |       0 |   0.0
       D:12 |     922 |       0 |   0.0 |       6 |       0 |   0.0
            +---------+---------+-------+---------+---------+-------
